 Dungeon Crawl Stone Soup version 0.21-a0-137-g951aa02 (webtiles) character file.

58 inmateoo the Slasher (level 3, -5/28 HPs)
             Began as a Demonspawn Gladiator on July 18, 2017.
             Killed from afar by Sigmund (10 damage)
             ... with a puff of flame
             ... on level 2 of the Dungeon.
             The game lasted 00:01:38 (1356 turns).

inmateoo the Slasher (Demonspawn Gladiator)         Turns: 1356, Time: 00:01:38

Health: -5/28      AC:  5    Str: 15    XL:     3   Next: 76%
Magic:  3/3        EV: 13    Int:  9    God:
Gold:   83         SH:  0    Dex: 14    Spells: 2/2 levels left

rFire    . . .     SeeInvis .   a - +0 long sword
rCold    . . .     Gourm    +   (no shield)
rNeg     . . .     Faith    .   b - +0 leather armour
rPois    .         Spirit   .   c - +0 helmet
rElec    .         Reflect  .   (no cloak)
rCorr    .         Harm     .   e - +0 pair of gloves
MR       .....                  (no boots)
Stlth    +.........             m - amulet of the gourmand
HPRegen  0.09/turn              (no ring)
MPRegen  0.08/turn              (no ring)

@: no status effects
A: demonic guardian 1, spiny 1
a: no special abilities


You were on level 2 of the Dungeon.
You were not hungry.

You visited 1 branch of the dungeon, and saw 2 of its levels.

You collected 83 gold pieces.

Inventory:

Hand Weapons
 a - a +0 long sword (weapon)
Missiles
 d - 3 throwing nets (quivered)
Armour
 b - a +0 leather armour (worn)
 c - a +0 helmet (worn)
 e - a +0 pair of gloves (worn)
Jewellery
 m - an amulet of the gourmand (around neck)
Scrolls
 g - a scroll of noise {unknown}
 h - 3 scrolls of blinking {unknown}
 i - 2 scrolls of identify {unknown}
 j - 2 scrolls of teleportation {unknown}
 n - a scroll of remove curse {unknown}
 p - a scroll of enchant weapon {unknown}
Potions
 k - a potion of mutation {unknown}
 o - a potion of agility {unknown}
 q - 2 potions of haste {unknown}
Comestibles
 f - 3 bread rations
 l - 2 meat rations


   Skills:
 + Level 2.6 Fighting
 * Level 3.3 Long Blades
 - Level 2.1 Throwing
 + Level 0.3 Armour
 + Level 3.1 Dodging


You had 2 spell levels left.
You didn't know any spells.

Dungeon Overview and Level Annotations

Branches:
Dungeon (2/15)

Altars:

Annotations:
D:2 Sigmund


Innate Abilities, Weirdness & Mutations

A weak demonic guardian rushes to your aid.
You are partially covered in sharp spines.


Message History

Sigmund barely misses your quasit.
Your quasit misses Sigmund. x2
Your quasit claws Sigmund but does no damage.
Your quasit bites Sigmund.
Your quasit claws Sigmund but does no damage.
Your quasit closely misses Sigmund.
Sigmund misses your quasit.
Your quasit bites Sigmund but does no damage.
Your quasit claws Sigmund. x2
Your quasit disappears in a puff of smoke!
Sigmund mumbles some strange words.
Sigmund flickers and vanishes!
Deactivating autopickup; reactivate with Ctrl-A.
You closely miss something. Something hits you!
* * * LOW HITPOINT WARNING * * *
x2 You closely miss something.
You hear some strange, mumbled words.
A puff of flame appears from out of thin air!
The puff of flame hits you!
You die...

#.###.# #.#
##†....#########.###
##..# #..$.....@...#
...###.#####.#####.#
##..#..## #>#
#.......# #.#
#.......# # #.#
#.......# #.#####.#
#)......# #....@{.#
#.......# ####.####
#.......#######.######
#....................#
##...###############.#
......# #.# #....##
#.# #.#..# #.# #.##.#
#.#


There were no monsters in sight!

Vanquished Creatures
  An adder (D:2)
  3 dart slugs
  A leopard gecko (D:1)
  4 bats
  4 giant cockroaches
  2 hobgoblins (D:1)
  8 jackals
  3 frilled lizards
  6 goblins (D:1)
  2 kobolds
  6 rats
40 creatures vanquished.

Notes
Turn   | Place    | Note
-------+----------+-------------------------------------------
     0 | D:1      | inmateoo the Demonspawn Gladiator began the quest for the Orb.
     0 | D:1      | Reached XP level 1. HP: 16/16 MP: 1/1
   255 | D:1      | Gained mutation: You are partially covered in sharp spines. [demonic ancestry]
   255 | D:1      | Reached XP level 2. HP: 21/22 MP: 2/2
   778 | D:1      | Gained mutation: A weak demonic guardian rushes to your aid. [demonic ancestry]
   778 | D:1      | Reached XP level 3. HP: 27/28 MP: 3/3
  1323 | D:2      | Noticed Sigmund
  1356 | D:2      | Killed from afar by Sigmund

Vault maps used:
D:1:      tarquinn_simple_flora_water_b, minmay_vboxes
D:2:      dk_vineyard_3, grunt_decor_fettered, uniq_sigmund

Skill      XL: |  1  2 |
---------------+-------+-----
Long Blades    | 3 |  3.3
Throwing       | 2 |  2.1
Dodging        | 3 |  3.1
Fighting       | |  2.6
Armour         | |  0.3

Action                   || total
-------------------------++-------
Melee: Long sword        ||    75
  Eat: Chunk             ||     3
Armor: Leather armour    ||    27
Dodge: Dodged            ||    61
       Rpst.: Long sword ||    20
